 Dungeon Crawl Stone Soup version 0.29.1-1-gd02db6906a (webtiles) character file.

Game seed: 15228803512814007396

10 Kold the Trooper (level 2, 18/24 HPs)
             Began as a Demonspawn Cinder Acolyte on Oct 19, 2022.
             Was a High Priest of Ignis.
             Quit the game on level 1 of the Dungeon.
             The game lasted 00:00:23 (523 turns).

Kold the Trooper (Demonspawn Cinder Acolyte)         Turns: 523, Time: 00:00:23

Health: 18/24      AC:  2    Str: 14    XL:     2   Next: 10%
Magic:  3/3        EV: 11    Int: 15    God:    Ignis [*****.]
Gold:   13         SH:  0    Dex:  8    Spells: 3/3 levels left

rFire   + . .      SeeInvis .     - Unarmed
rCold   . . .      Faith    .   (no shield)
rNeg    . . .      Spirit   .   a - +0 robe
rPois   .          Reflect  .   (no helmet)
rElec   .          Harm     .   (no cloak)
rCorr   .          Rampage  .   (no gloves)
Will    .....                   (no boots)
Stlth   +.........              (no amulet)
HPRegen 0.08/turn               (no ring)
MPRegen 0.08/turn               (no ring)

@: no status effects
A: demonic magic 1
a: Renounce Religion, Fiery Armour, Foxfire Swarm, Rising Flame


You were on level 1 of the Dungeon.
You worshipped Ignis.
Ignis was extremely pleased with you.
You visited 1 branch of the dungeon, and saw 1 of its levels.

You collected 13 gold pieces.

Inventory:

Armour
 a - a +0 robe (worn)


   Skills:
 + Level 3.1 Fighting
 + Level 2.8 Unarmed Combat
 + Level 1.2 Spellcasting
 + Level 2.8 Fire Magic


You had 3 spell levels left.
You didn't know any spells.
Your spell library contained the following spells:

 Spells                   Type           Power      Damage    Failure   Level
 Scorch                   Fire           18%        2d5       11%         2


Dungeon Overview and Level Annotations

Branches:
Dungeon (1/15)

Altars:


Innate Abilities, Weirdness & Mutations

Spells you cast may paralyse adjacent enemies.


Message History

The quokka is almost dead.
The quokka barely misses you.
You hit the quokka but do no damage.
The quokka is almost dead.
The quokka barely misses you.
You closely miss the quokka.
The quokka is almost dead.
The quokka bites you but does no damage.
You barely miss the quokka.
The quokka is severely wounded.
The quokka misses you.
You hit the quokka.
You kill the quokka!
You hit the giant cockroach.
The giant cockroach is heavily wounded.
The giant cockroach bites you but does no damage. x2
You hit the giant cockroach but do no damage.
The giant cockroach is heavily wounded.
The giant cockroach closely misses you.
You closely miss the giant cockroach.
The giant cockroach is heavily wounded.
The giant cockroach barely misses you.
You hit the giant cockroach but do no damage.
The giant cockroach is heavily wounded.
The giant cockroach bites you but does no damage.
You hit the giant cockroach.
You kill the giant cockroach!
You have reached level 2!
Your demonic ancestry asserts itself...
A menacing aura infuses your magic.
You miss the goblin.
The goblin is heavily wounded.
The goblin barely misses you.
You hit the goblin.
You kill the goblin!
You closely miss the kobold. You hit the kobold.
You kill the kobold!
The kobold hits you but does no damage.
Are you sure you want to abandon this character and quit the game? (Confirm with "yes".)

.......†...#.#
#....÷.÷8##
###.####.#.#.#
#...)÷÷.....
#...#.#
#.......8#...
#.#####....##
#÷....÷..#....
#...........##
#_.......# ...
#########....#
########## ..
#....# #....##
#...K@#
#...#)##
##+##..#
#............
#.#>#.#.#.#.#
...........
#.# #.#.#.#.#
#. ... ..... #
#.# # #.#


You could see a kobold.

Vanquished Creatures
  A ball python (D:1)
  3 giant cockroaches (D:1)
  A goblin (D:1)
  2 quokkas (D:1)
  A kobold (D:1)
8 creatures vanquished.

Notes
Turn   | Place    | Note
-------+----------+-------------------------------------------
     0 | D:1      | Kold the Demonspawn Cinder Acolyte began the quest for the
                  | Orb.
     0 | D:1      | Reached XP level 1. HP: 18/18 MP: 2/2
   334 | D:1      | Found a faded altar of an unknown god.
   519 | D:1      | Gained mutation: Spells you cast may paralyse adjacent
                  | enemies. [demonic ancestry]
   519 | D:1      | Reached XP level 2. HP: 18/24 MP: 3/3
   523 | D:1      | Quit the game

Illustrated notes

Levels and vault maps discovered:
D:1:      ncdulo_lavacross, layout_basic, serial_shops,
          nicolae_shop_temple_entry_statues_fountains,
          shapermc_ecumenical_altar_pompeii, kennysheep_decorative_pillar,
          st_stairs_10, minivault_4

Action                   || total
-------------------------++-------
Melee: Unarmed           ||    52
       Punch             ||     1
Armor: Robe              ||    13
Dodge: Dodged            ||    40
